 Dungeon Crawl Stone Soup version 0.29.0-4-gdea44cf6ec (webtiles) character file.

Game seed: 3670527489349993198

30 qw the Chopper (level 3, 0/21 HPs)
             Began as a Tengu Warper on Aug 28, 2022.
             Slain by an orc priest
             ... wielding a +0 club
              (5 damage)
             ... on level 2 of the Dungeon.
             The game lasted 00:00:05 (1487 turns).

qw the Chopper (Tengu Warper)                       Turns: 1487, Time: 00:00:05

Health: 0/21       AC:  4    Str: 13    XL:     3   Next: 18%
Magic:  7/7        EV: 10    Int: 13    God:
Gold:   125        SH:  7    Dex: 13    Spells: 6/6 levels left

rFire   . . .      SeeInvis .   Y - +0 hand axe
rCold   . . .      Faith    .   i - +0 kite shield
rNeg    . . .      Spirit   .   b - +0 leather armour
rPois   .          Reflect  .   (helmet restricted)
rElec   .          Harm     .   (no cloak)
rCorr   .          Rampage  .   g - +0 pair of gloves
Will    .....                   (boots unavailable)
Stlth   +.........              (no amulet)
HPRegen 0.07/turn               (no ring)
MPRegen 0.10/turn               (no ring)

@: no status effects
A: beak, talons 3
a: no special abilities


You were on level 2 of the Dungeon.
You visited 1 branch of the dungeon, and saw 2 of its levels.

You collected 125 gold pieces.


Innate Abilities, Weirdness & Mutations

You have a beak for a mouth.
You have claws for feet.


   Skills:
 - Level 2.0 Fighting
 - Level 3.6 Axes
 - Level 1.0 Throwing
 - Level 1.1 Armour
 - Level 2.1 Dodging
 + Level 1.0 Shields
 - Level 2.0 Spellcasting
 - Level 2.4 Translocations


You had 6 spell levels left.
You didn't know any spells.
Your spell library contained the following spells:

 Spells                   Type           Power      Damage    Failure   Level
 Blink                    Tloc           14%        N/A       54%         2
 Gell's Gravitas          Tloc           7%         N/A       77%         3
 Lesser Beckoning         Tloc           7%         N/A       77%         3
 Teleport Other           Tloc           7%         N/A       77%         3
 Manifold Assault         Tloc           7%         N/A       100%        5

Inventory:

Hand Weapons
 k - a +0 whip
 Y - a +0 hand axe (weapon)
Armour
 b - a +0 leather armour (worn)
 g - a +0 pair of gloves (worn)
 i - a +0 kite shield (worn)
Scrolls
 a - a scroll of noise {unknown}
 c - a scroll of identify {unknown}
Potions
 d - a potion of haste {unknown}
 h - 3 potions of brilliance {unknown}
 j - a potion of lignification {unknown}

Dungeon Overview and Level Annotations

Branches:
Dungeon (2/15)

Altars:
Gozag

Shops:
D:2 (


Message History

You start resting.
HP restored.
You see here a dart slug corpse.
You see here a dart slug corpse.
Found a stone staircase leading up.
Enter note:
Enter note: 2 orcs come into view.
The orc shouts! x2
An orc comes into view. It is wielding a +0 trident.
An orc comes into view. It is wielding a +0 flail.
An orc priest comes into view. It is wielding a +0 club.
The orc shouts!
The orc priest shouts!
You closely miss the orc. You peck the orc.
The orc is moderately wounded.
You hit the orc. The orc closely misses you. The orc barely misses you.
You block the orc's attack. The orc barely misses you.
The orc priest calls down the wrath of Beogh upon you.
Beogh smites you!
Ouch! That really hurt!
You hit the orc.
You kill the orc!
You hit the orc. You hit the orc priest. You hit the orc.
The orc priest closely misses you.
The orc hits you from afar with a +0 trident.
The orc closely misses you.
You hit the orc.
You kill the orc!
You hit the orc. You hit the orc priest. The orc hits you but does no damage.
The orc priest calls upon Beogh to heal the orc.
The orc's wounds heal themselves!
The orc hits you with a +0 short sword.
Your Shields skill increases to level 1!
You hit the orc priest but do no damage.
You claw the orc priest.
The orc priest is severely wounded.
You hit the orc. The orc priest hits you with a +0 club.
You die...

..... ##.....##
..... #.......#
..... #.......#
### #.......#
#.. # #.......#
#.. #.#..o....#
#..
#.#o......#.#
#..
#.#@).....#.#
#..
#...o.......###
###
#!............#
#.....++......#
.
#.....##......#
..
#.............#
..
#.............#
#.....#.......#
#.....#.......#


You could see an orc priest and 2 orcs.

Vanquished Creatures
  2 dart slugs
  2 orcs (D:2)
  3 ball pythons (D:1)
  2 endoplasms (D:1)
  3 jackals (D:1)
  2 quokkas (D:1)
  A bat (D:2)
  2 frilled lizards
  A goblin (D:1)
  A kobold (D:1)
  4 rats
23 creatures vanquished.

Notes
Turn   | Place    | Note
-------+----------+-------------------------------------------
     0 | D:1      | qw the Tengu Warper began the quest for the Orb.
     0 | D:1      | Reached XP level 1. HP: 12/12 MP: 4/4
     0 | D:1      | 0 ||| qw: Version: 0.1-a-89-g26bdef1
     0 | D:1      | 0 ||| qw: Game counter: 83
     0 | D:1      | 0 ||| qw: Always use a shield: true
     0 | D:1      | 0 ||| qw: God list: Okawaru
     0 | D:1      | 0 ||| qw: Allow faded altars: false
     0 | D:1      | 0 ||| qw: Do Orc after D:15 true
     0 | D:1      | 0 ||| qw: Do second Lair branch before Depths: true
     0 | D:1      | 0 ||| qw: Lair rune preference: random
     0 | D:1      | 0 ||| qw: Plans: Normal
     0 | D:1      | 0 ||| PLANNING D:1-11
   135 | D:1      | 135 ||| Stepping ~*~*~tactically~*~*~ (stealth).
   137 | D:1      | 137 ||| Stepping ~*~*~tactically~*~*~ (stealth).
   187 | D:1      | HP: 3/12 [jackal (1)]
   189 | D:1      | Reached skill level 3 in Axes
   189 | D:1      | Reached XP level 2. HP: 5/17 MP: 6/6
   626 | D:1      | 626 ||| Stepping ~*~*~tactically~*~*~ (hiding).
   691 | D:1      | Found a faded altar of an unknown god.
  1099 | D:1      | 1099 ||| DROPPING +0 club.
  1195 | D:1      | 1195 ||| UPGRADING to +0 pair of gloves.
  1200 | D:1      | 1200 ||| UPGRADING to +0 kite shield.
  1205 | D:1      | 1205 ||| READING scroll labelled GUMISH QIPEI.
  1209 | D:1      | 1209 ||| DROPPING scroll of blinking.
  1226 | D:2      | Found an opulent altar of Gozag.
  1277 | D:2      | Found Kyelonae's Weapon Shop.
  1352 | D:2      | 1352 ||| Stepping ~*~*~tactically~*~*~ (hiding).
  1362 | D:2      | Reached XP level 3. HP: 13/21 MP: 7/7
  1486 | D:2      | HP: 5/21 [orc/+0 short sword (1)]
  1487 | D:2      | Reached skill level 1 in Shields
  1487 | D:2      | Slain by an orc priest

Levels and vault maps discovered:
D:1:      dpeg_arrival_fog, layout_loops_corners,
          hellmonk_ecumenical_altar_run_dry
D:2:      cheibrodos_pilgrimage, layout_basic, basic_altar, serial_shops, shop,
          nicolae_lakefront_shop, uniq_crazy_yiuf_cottage

Skill      XL: |  1  2  3 |
---------------+----------+-----
Axes           | 3 |  3.6
Shields        | 1 |  1.0
Fighting       | |  2.0
Throwing       | |  1.0
Armour         | |  1.1
Dodging        | |  2.1
Spellcasting   | |  2.0
Translocations | |  2.4

Action                   || total
-------------------------++-------
Melee: Hand axe          ||    44
       Peck              ||     6
       Kick              ||     7
       Punch             ||     1
Throw: Boomerang         ||     7
  Use: Scroll            ||     1
Armor: Leather armour    ||    11
Dodge: Dodged            ||    25
Block: Kite shield       ||     4

Table legend:
 A = Non-vault XP
 B = Vault XP
 C = Vault XP percentage of total XP
 D = Non-vault monster count
 E = Vault monster count
 F = Vault count percentage of total count
                 A         B        C        D         E       F
            +---------+---------+-------+---------+---------+-------
      Total |      37 |       6 |  14.0 |      21 |       2 |   8.7
            +---------+---------+-------+---------+---------+-------
        D:1 |      30 |       0 |   0.0 |      17 |       0 |   0.0
        D:2 |       7 |       6 |  46.2 |       4 |       2 |  33.3
            +---------+---------+-------+---------+---------+-------
